 Seeded DCSS version 0.29.1-12-g30fa7ad0bf (webtiles) character file.

Game seed: 3787671940725915642 (custom seed)

668 sanboga the Covered (level 7, -6/39 HPs)
             Began as a Gargoyle Fighter on Jan 14, 2023.
             Was a Follower of Hepliaklqana.
             Mangled by a yak (11 damage)
             ... on level 4 of the Dungeon.
             The game lasted 00:04:42 (3953 turns).

sanboga the Covered (Gargoyle Fighter)              Turns: 3953, Time: 00:04:42

Health: -6/39      AC: 17    Str: 28    XL:     7   Next: 58%
Magic:  7/7        EV:  9    Int:  8    God:    Hepliaklqana [*.....]
Gold:   91         SH:  9    Dex:  9    Spells: 6/6 levels left

rFire   . . .      SeeInvis +   a - +0 war axe
rCold   . . .      Faith    .   c - +0 buckler
rNeg    + . .      Spirit   .   b - +0 scale mail
rPois   ∞          Reflect  +   x - +2 helmet {SInv}
rElec   +          Harm     .   h - +0 cloak
rCorr   .          Rampage  .   m - +0 pair of gloves
Will    .....                   (no boots)
Stlth   ..........              e - amulet of reflection
HPRegen 0.13/turn               d - +6 ring of strength
MPRegen 0.10/turn               w - +4 ring of slaying

@: no status effects
A: reduced essence, sickness immunity, AC +4, negative energy resistance 1,
electricity resistance, torment resistance 1, petrification resistance
a: Renounce Religion, Recall Ancestor, Ancestor Identity


You were on level 4 of the Dungeon.
You worshipped Hepliaklqana.
Hepliaklqana was aware of your devotion.
You visited 1 branch of the dungeon, and saw 5 of its levels.

You collected 245 gold pieces.
You spent 154 gold pieces at shops.

Inventory:

Hand Weapons
 a - a +0 war axe (weapon)
Armour
 b - a +0 scale mail (worn)
 c - a +0 buckler (worn)
 h - a +0 cloak (worn)
 m - a +0 pair of gloves (worn)
 x - a +2 helmet of see invisible (worn)
Jewellery
 d - a +6 ring of strength (left hand)
 e - an amulet of reflection (around neck)
 w - a +4 ring of slaying (right hand)
Wands
 u - a wand of iceblast (7)
Scrolls
 f - a scroll of amnesia {unknown}
 g - 2 scrolls of fog {unknown}
 l - 2 scrolls of identify
 o - a scroll of enchant armour {unknown}
 p - a scroll of teleportation {unknown}
 q - a scroll of vulnerability {unknown}
 y - a scroll of brand weapon {unknown}
 z - a scroll of immolation {unknown}
 B - a scroll of fear {unknown}
Potions
 i - a potion of haste {unknown}
 j - 2 potions of attraction {unknown}
 k - a potion of cancellation
 n - 3 potions of curing {unknown}
 r - a potion of might
 s - a potion of resistance
 t - 2 potions of lignification {unknown}
 v - a potion of brilliance {unknown}
 A - a potion of mutation {unknown}


   Skills:
 + Level 5.1 Fighting
 * Level 4.9 Axes
 + Level 5.1 Armour
 + Level 5.0 Shields


You had 6 spell levels left.
You didn't know any spells.
Your spell library contained the following spells:

 Spells                   Type           Power      Damage    Failure   Level
 Necrotise                Necr           0%         1d4       75%         1
 Vampiric Draining        Necr           0%         2d6       98%         3
 Agony                    Necr           0%         N/A       100%        5


Dungeon Overview and Level Annotations

Branches:
Dungeon (5/15)
 Temple: D:4-7

Altars:
Ashenzari
Elyvilon
Fedhas
Hepliaklqana
Nemelex Xobeh
Ru
Sif Muna
Uskayaw

Shops:
D:1 *


Innate Abilities, Weirdness & Mutations

Your life essence is reduced to manifest your ancestor. (-10% HP)
You are immune to sickness and miasma.
Your stone body is resilient. (AC +4)
You are immune to poison.
You resist negative energy. (rN+)
You are resistant to electric shocks. (rElec)
You are resistant to unholy torment.
You are immune to petrification.


Message History

There is an open door here.
The yak misses Moose.
Something gores Moose!
Moose is destroyed!
You slash the yak!
The yak is severely wounded.
The yak gores you but does no damage.
You slash the yak!
The yak is almost dead.
The yak barely misses you.
You completely miss the yak.
The yak is almost dead.
The yak gores you!
You barely miss the yak.
The yak is almost dead.
You hit the yak. The yak gores you but does no damage. The yak gores you.
The yak attacks as you move away! The yak gores you.
The yak attacks as you move away! The yak gores you but does no damage.
The yak attacks as you move away! You block the yak's attack.
The yak attacks as you move away! The yak gores you.
There is a stone staircase leading up here.
You block the yak's attack.
You climb upwards.
There is a stone staircase leading down here.
You hit the yak.
The yak is moderately wounded.
The yak gores you!
* * * LOW HITPOINT WARNING * * *
The yak gores you but does no damage.
You barely miss the yak.
The yak is moderately wounded.
You block the yak's attack.
You barely miss the yak.
The yak is moderately wounded.
The yak gores you.
* * * LOW HITPOINT WARNING * * *
As you read the scroll labelled ASTRIL ZAOGI, it crumbles to dust.
It is a scroll of identify.
k - a potion of cancellation The yak gores you!
You die...

########## ################
#........#####....[.....<...#
#.#....#...........##.#####.#
#####.#.##...########..##.#
#.# .........##.## #..##.#
##.# #####.#..#...#####
#..##.####.#. #
#.#...#.#....# #.........###
#
#.......##..@####..........#.
#
###.#.###..Y.#..............#
# #.#..#...........#.#####..#
#.#........#.##=.#.# #..#
#.#........#.##....# #...
#.#........#.##..#.# #.##
#.#.......##.##..#.#####..)
#................#.....†.##
###.......^.......)....###


You could see a yak.

Vanquished Creatures
  Sigmund (D:2)
  A wyvern (D:4)
  A hound (D:5)
  3 iguanas
  2 orc wizards
  A gnoll (D:1)
  7 adders
  An ufetubus (D:5)
  A dart slug (D:1)
  6 orcs
  6 ball pythons
  6 endoplasms
  5 giant cockroaches
  5 goblins
  4 hobgoblins
  8 jackals
  7 quokkas
  3 bats
  4 frilled lizards
  10 kobolds
  7 rats
89 creatures vanquished.

Vanquished Creatures (collateral kills)
  An iguana (D:4)
1 creature vanquished.

Vanquished Creatures (others)
  An orc wizard (D:3)
  An ancestor (D:5)
2 creatures vanquished.

Grand Total: 92 creatures vanquished

Notes
Turn   | Place    | Note
-------+----------+-------------------------------------------
     0 | D:1      | sanboga the Gargoyle Fighter began the quest for the Orb.
     0 | D:1      | Reached XP level 1. HP: 14/14 MP: 1/1
    45 | D:1      | Found Gaisytai's General Store.
   225 | D:1      | Found a faded altar of an unknown god.
   282 | D:1      | Reached XP level 2. HP: 7/19 MP: 2/2
   533 | D:1      | Reached XP level 3. HP: 23/23 MP: 3/3
   791 | D:1      | Bought a scroll of poison for 44 gold pieces
  1174 | D:2      | Found a blossoming altar of Fedhas.
  1305 | D:2      | Reached XP level 4. HP: 25/29 MP: 4/4
  1794 | D:2      | Noticed Sigmund
  1806 | D:2      | Killed Sigmund
  1807 | D:2      | Reached XP level 5. HP: 19/34 MP: 5/5
  1807 | D:2      | Reached XP level 6. HP: 22/39 MP: 6/6
  2354 | D:3      | Found a sacrificial altar of Ru.
  2357 | D:3      | Found a shimmering blue altar of Sif Muna.
  2364 | D:3      | Found a white marble altar of Elyvilon.
  2364 | D:3      | Found a sparkling altar of Nemelex Xobeh.
  2364 | D:3      | Found a hazy altar of Hepliaklqana.
  2365 | D:3      | Found a hide-covered altar of Uskayaw.
  2365 | D:3      | Found a broken altar of Ashenzari.
  2380 | D:3      | Became a worshipper of Hepliaklqana the Forgotten
  2431 | D:1      | Bought a potion of resistance for 110 gold pieces
  2469 | D:3      | Identified the +11 falchion of Fortitude {vorpal, Fly
                  | rPois}
  3204 | D:4      | Noticed a wyvern
  3213 | D:4      | Killed a wyvern
  3214 | D:4      | Reached XP level 7. HP: 41/44 MP: 7/7
  3301 | D:4      | Reached * piety under Hepliaklqana
  3565 | D:5      | Entered Level 5 of the Dungeon
  3571 | D:5      | Reached skill level 5 in Armour
  3573 | D:5      | Reached skill level 5 in Fighting
  3653 | D:5      | Reached skill level 5 in Shields
  3933 | D:5      | Noticed a yak
  3933 | D:5      | Noticed a yak
  3933 | D:5      | Noticed a yak
  3953 | D:4      | Mangled by a yak

Illustrated notes

Levels and vault maps discovered:
D:1:      scummos_arrival_forest, layout_loops_ring,
          ebering_ecumenical_altar_sacrificial, serial_shops, shop,
          minmay_heptomino_w4
D:2:      layout_basic, basic_altar, nicolae_elevator_lobby_plus, uniq_sigmund
D:3:      layout_basic, grunt_temple_overflow_open, kennysheep_generic_room_12
D:4:      layout_loops_ring
D:5:      layout_gridville, temple_statues, gammafunk_ghost_grave

Skill      XL: |  1  2  3  4  5  6  7 |
---------------+----------------------+-----
Axes           | 2 3 4 |  4.9
Fighting       | 4 5 |  5.1
Armour         | 4 5 |  5.1
Shields        | 4 5 |  5.0

Action                   |  1- 3 |  4- 6 |  7- 9 || total
-------------------------+-------+-------+-------++-------
Melee: War axe           |    95 |   151 |    45 ||   291
Invok: Ancestor Identity |       |       |     1 ||     1
  Use: Potion            |     1 |       |       ||     1
       Scroll            |       |       |     1 ||     1
Armor: Scale mail        |    49 |    66 |    22 ||   137
Dodge: Dodged            |    41 |    48 |     8 ||    97
Block: Buckler           |    49 |    89 |    18 ||   156
       Reflection        |     2 |     2 |       ||     4
